 Dungeon Crawl Stone Soup version 0.19-a0-628-g9200b3b (webtiles) character file.

118 Stormphoenix the Cudgeler (level 4, -2/36 HPs)
             Began as a Draconian Gladiator on June 13, 2016.
             Slain by Grinder (6 damage)
             ... on level 3 of the Dungeon.
             The game lasted 00:04:17 (1704 turns).

Stormphoenix the Cudgeler (Draconian Gladiator)     Turns: 1704, Time: 00:04:18

Health: -2/36      AC:  6    Str: 18    XL:     4   Next: 72%
Magic:  4/4        EV: 12    Int:  9    God:
Gold:   150        SH:  0    Dex: 11    Spells: 0 memorised, 3 levels left

rFire  . . .     SeeInvis +     l - +2 whip (holy)
rCold  + . .     Gourm    .     (armour unavailable)
rNeg   . . .     Faith    .     (no shield)
rPois  .         Spirit   .     b - +1 hat
rElec  .         Dismiss  .     (no cloak)
rCorr  .         Reflect  .     (no gloves)
SustAt .         Harm     .     (no boots)
MR     .....                    (no amulet)
Stlth  +.........               k - ring of protection from cold
                                g - ring of see invisible

@: flying, not resistant to hostile enchantments, very unstealthy
A: unfitting armour, cold-blooded, AC +5
a: no special abilities


You were on level 3 of the Dungeon.
You were not hungry.

You visited 1 branch of the dungeon, and saw 3 of its levels.

You collected 150 gold pieces.

Inventory:

Hand Weapons
 l - a +2 whip of holy wrath (weapon)
Missiles
 c - 2 throwing nets (quivered)
Armour
 b - a +1 hat (worn)
Jewellery
 g - a ring of see invisible (left hand)
 k - a ring of protection from cold (right hand)
Potions
 e - a potion of curing
 f - 2 potions of flight
Comestibles
 d - 2 bread rations
 h - a meat ration
 i - 2 chunks of flesh
 j - a beef jerky


   Skills:
 - Level 2.1 Fighting
 + Level 5.5 Maces & Flails
 - Level 1.7 Throwing
 - Level 2.6 Dodging


You had 3 spell levels left.
You didn't know any spells.

Dungeon Overview and Level Annotations

Branches:
Dungeon (3/15)

Altars:

Annotations:
D:3 Grinder


Innate Abilities, Weirdness & Mutations

Your plain brown scales are hard. (AC +5)
Your body does not fit into most forms of armour.
You are cold-blooded and may be slowed by cold attacks.


Message History

Grinder gestures at you. Pain shoots through your body!
* * * LOW HITPOINT WARNING * * *
You hit Grinder but do no damage. You tail-slap Grinder.
Grinder is almost dead.
Grinder closely misses you.
You closely miss Grinder.
Grinder is almost dead.
You barely miss Grinder.
Grinder is almost dead.
Grinder closely misses you.
You closely miss Grinder.
Grinder is almost dead.
Grinder hits you but does no damage.
You barely miss Grinder.
Grinder is almost dead.
Grinder hits you.
* * * LOW HITPOINT WARNING * * *
You writhe in agony.
You die...

### ### ..# #.. #.# #.#
#.# #.#### #####.##
#.#.. ....... #.#.# #
#.#..#
######.#.######.#.....
##....@..............##
......5...........##..#
[##.####.#(###### #.##
# #..#.# #.### #.##.#
#.... ##.##.# #.###
##.#.#.# #.#
#..####.###..## #.###
#......## ##..# #....


You could see Grinder.

Vanquished Creatures
  Ijyb (D:2)
  2 adders (D:2)
  2 worms (D:2)
  2 dart slugs (D:2)
  A giant gecko (D:2)
  An orc (D:3)
  6 bats
  7 giant cockroaches
  6 goblins
  11 hobgoblins
  4 jackals
  A ball python (D:3)
  4 giant newts
  6 kobolds
  6 rats
60 creatures vanquished.

Notes
Turn   | Place    | Note
--------------------------------------------------------------
     0 | D:1      | Stormphoenix the Draconian Gladiator began the quest for the Orb.
     0 | D:1      | Reached XP level 1. HP: 17/17 MP: 1/1
   189 | D:1      | Reached XP level 2. HP: 24/24 MP: 2/2
   482 | D:1      | Reached skill level 4 in Maces & Flails
   560 | D:1      | Reached XP level 3. HP: 25/29 MP: 3/3
   820 | D:2      | Noticed Ijyb
   830 | D:2      | Killed Ijyb
  1022 | D:2      | Reached XP level 4. HP: 30/36 MP: 4/4
  1063 | D:2      | Reached skill level 5 in Maces & Flails
  1686 | D:3      | Noticed Grinder
  1704 | D:3      | Slain by Grinder

Vault maps used:
D:1:      dpeg_arrival_renting, minmay_misc_feat_cross, minmay_misc_feat_roman
D:2:      serial_park_tiny_1, grunt_decor_mini_mirrors, minmay_crystal_room,
          minmay_close_crescents, uniq_iyjb
D:3:      lemuel_doored_altar, uniq_grinder

Skill      XL: |  1  2  3  4 |
---------------+-------------+-----
Maces & Flails | 4 5 |  5.5
Fighting       | |  2.1
Throwing       | |  1.7
Dodging        | |  2.6

Action                   |  1- 3 |  4- 6 || total
-------------------------+-------+-------++-------
Melee: Flail             |   101 |    52 ||   153
       Tailslap          |    11 |    16 ||    27
       Whip              |       |    34 ||    34
Throw: Throwing net      |       |     1 ||     1
  Use: Potion            |     2 |     5 ||     7
       Scroll            |     2 |     1 ||     3
 Stab: Sleeping          |     1 |     3 ||     4
  Eat: Chunk             |       |     3 ||     3
Armor: Skin              |    33 |    27 ||    60
Dodge: Dodged            |    80 |    41 ||   121
